 Dungeon Crawl Stone Soup version 0.29.1-13-g9f3cf754e1 (webtiles) character file.

Game seed: 6436985296679654674

400 leafyfresh the Gusty (level 6, -2/34 HPs)
             Began as a Tengu Air Elementalist on Jan 27, 2023.
             Slain by a scorpion (4 damage)
             ... on level 4 of the Dungeon.
             The game lasted 00:07:18 (4484 turns).

leafyfresh the Gusty (Tengu Air Elementalist)       Turns: 4484, Time: 00:07:19

Health: -2/34      AC:  4    Str: 14    XL:     6   Next: 84%
Magic:  2/11       EV: 16    Int: 17    God:
Gold:   210        SH:  0    Dex: 15    Spells: 5/11 levels left

rFire   . . .      SeeInvis .   n - staff of air
rCold   . . .      Faith    .   (no shield)
rNeg    . . .      Spirit   .   a - +0 robe
rPois   .          Reflect  .   p - +2 hat
rElec   +          Harm     .   (no cloak)
rCorr   .          Rampage  .   (no gloves)
Will    .....                   (boots unavailable)
Stlth   ++........              r - amulet of magic regeneration
HPRegen 0.11/turn               s - ring of wizardry
MPRegen 0.52/turn               t - +6 ring of strength

@: lethally poisoned (-2 -> -9), attractive, flying quickly and evasively,
studying Stealth, quick
A: beak, talons 3, nimble flight
a: no special abilities


You were on level 4 of the Dungeon.
You visited 1 branch of the dungeon, and saw 4 of its levels.

You collected 210 gold pieces.

Inventory:

Hand Weapons
 h - a +0 dagger
Armour
 a - a +0 robe (worn)
 p - a +2 hat (worn)
Magical Staves
 n - a staff of air (weapon)
Jewellery
 r - an amulet of magic regeneration (around neck)
 s - a ring of wizardry (left hand)
 t - a +6 ring of strength (right hand)
Wands
 q - a wand of roots (8)
Scrolls
 e - a scroll of poison
 f - a scroll of brand weapon
 i - a scroll of noise {unknown}
 k - a scroll of fear
 l - a scroll of torment
 m - a scroll of teleportation {unknown}
 o - a scroll of immolation {unknown}
Potions
 b - a potion of magic
 d - a potion of curing {unknown}
 g - a potion of berserk rage {unknown}
 j - a potion of flight {unknown}
 u - a potion of mutation {unknown}


   Skills:
 + Level 1.5 Fighting
 + Level 4.2 Dodging
 - Level 2.0 Stealth
 - Level 3.0 Spellcasting
 - Level 3.6 Conjurations
 + Level 5.9 Air Magic
 + Level 2.1 Evocations


You had 5 spell levels left.
You knew the following spells:

 Your Spells              Type           Power      Damage    Failure   Level
a - Shock                 Conj/Air       100%       1d9       1%          1
b - Static Discharge      Conj/Air       28%        3-7/arc   1%          2
c - Swiftness             Air            34%        N/A       1%          3

Your spell library contained the following spells:

 Spells                   Type           Power      Damage    Failure   Level
 Airstrike                Air            17%        2d(3-19)  6%          4
 Slow                     Hex            8%         N/A       7%          1
 Summon Small Mammal      Summ           8%         N/A       7%          1
 Dazzling Flash           Conj/Hex       16%        N/A       11%         3
 Call Canine Familiar     Summ           2%         N/A       21%         3
 Confusing Touch          Hex            2%         N/A       21%         3
 Summon Guardian Golem    Hex/Summ       2%         N/A       21%         3
 Vampiric Draining        Necr           2%         2d6       21%         3
 Iskenderun's Mystic Bla  Conj/Tloc      8%         2d4       32%         4
 Starburst                Conj/Fire      4%         6d3       99%         6


Dungeon Overview and Level Annotations

Branches:
Dungeon (4/15)
 Temple: D:4-7

Altars:
Nemelex Xobeh
Ru

Shops:
D:3 [


Innate Abilities, Weirdness & Mutations

You have a beak for a mouth.
You have claws for feet.
Your magical nature lets you fly swiftly and evasively.


Message History

Edmund is struck by an arc of lightning!
Edmund is severely wounded.
You resist.
You are struck by an arc of lightning.
Edmund is struck by an arc of lightning!
Edmund is almost dead.
The lightning grounds out.
Edmund hits you with a +3 flail of protection!
* * * LOW HITPOINT WARNING * * *
Unknown command.
Unknown command.
Unknown command.
Casting: Static Discharge (safe; 1% risk of failure)
Confirm with . or Enter, or press ? or * to list all spells.
You feel a surge of power!
Edmund is struck by an arc of lightning.
You kill Edmund!
The scorpion is struck by an arc of lightning.
The scorpion is moderately wounded.
The lightning grounds out.
The scorpion stings you.
* * * LOW HITPOINT WARNING * * *
You are lethally poisoned!
The scorpion poisons you!
Your Fighting skill increases to level 1!
Your Dodging skill increases to level 4!
Your Evocations skill increases to level 2!
Unknown command.
Casting: Static Discharge (safe; 1% risk of failure)
Confirm with . or Enter, or press ? or * to list all spells.
You feel a surge of power!
The scorpion is struck by an arc of lightning.
The scorpion is heavily wounded.
You resist.
You are struck by an arc of lightning.
* * * LOW HITPOINT WARNING * * *
You feel very sick. The scorpion closely misses you.
It was a potion of attraction.
You feel attractive to monsters.
* * * LOW HITPOINT WARNING * * *
You feel sick. The scorpion misses you. The scorpion stings you.
You die...

##.#............#
###...........###.#
#.[..........##
#.### #..........#
#.... ##.#....#..#
##### #
#..#.#.##..# ##.#.
#.#.##..##
#....##†#.##...#
#.)@..#.###..#
#...s####.# #<.# .
##.#g #.# #..# ..
.. ..# #..# ## ...
...# ###. ...# #.
##### #.


You could see a scorpion and a hobgoblin.

Vanquished Creatures
  Edmund (D:4)
  2 scorpions
  Terence (D:2)
  4 adders
  An ufetubus (D:4)
  2 worms (D:2)
  2 dart slugs
  2 orcs
  10 ball pythons
  5 endoplasms
  8 giant cockroaches
  7 goblins
  4 hobgoblins
  12 jackals
  8 kobolds
  A quokka (D:1)
  5 bats
  3 frilled lizards
  4 rats
82 creatures vanquished.

Notes
Turn   | Place    | Note
-------+----------+-------------------------------------------
     0 | D:1      | leafyfresh the Tengu Air Elementalist began the quest for
                  | the Orb.
     0 | D:1      | Reached XP level 1. HP: 10/10 MP: 4/4
   152 | D:1      | Reached XP level 2. HP: 2/15 MP: 1/6
   784 | D:1      | Learned a level 2 spell: Static Discharge
  1000 | D:1      | Reached XP level 3. HP: 19/19 MP: 7/7
  1689 | D:2      | Reached XP level 4. HP: 23/24 MP: 0/8
  1809 | D:2      | Found a faded altar of an unknown god.
  2168 | D:2      | Learned a level 3 spell: Swiftness
  2213 | D:2      | You fall into a shaft and drop 1 floor!
  2704 | D:2      | Noticed Terence
  2710 | D:2      | Killed Terence
  2711 | D:2      | Reached skill level 5 in Air Magic
  2967 | D:3      | Gained mutation: Your magical nature lets you fly swiftly
                  | and evasively. [Tengu growth]
  2967 | D:3      | Reached XP level 5. HP: 28/28 MP: 5/10
  3360 | D:3      | Found Xuados's Antique Armour Boutique.
  3469 | D:3      | Reached skill level 1 in Evocations
  3499 | D:3      | Found a sacrificial altar of Ru.
  3764 | D:3      | Found a sparkling altar of Nemelex Xobeh.
  3980 | D:4      | Reached XP level 6. HP: 12/33 MP: 8/11
  4475 | D:4      | Noticed Edmund
  4482 | D:4      | Killed Edmund
  4483 | D:4      | Reached skill level 1 in Fighting
  4484 | D:4      | Slain by a scorpion

Illustrated notes

Levels and vault maps discovered:
D:1:      lemuel_arrival_hallway, layout_rooms, kennysheep_another_room,
          st_stairs_6, minmay_worlds_worst_comb
D:2:      layout_loops_cross, shapermc_ecumenical_altar_mp_highgroup,
          uniq_terence
D:3:      layout_loops_corners, lemuel_doored_altar,
          nemelex_diamond_rough_becter, serial_shops, shop,
          minmay_misc_feat_plants, minmay_misc_feat_tower
D:4:      layout_loops_ring, cheibrodos_worm_habitat, uniq_edmund,
          uniq_eustachio

Skill      XL: |  1  2  3  4  5  6 |
---------------+-------------------+-----
Conjurations   | 2 3 |  3.6
Dodging        | 3 4 |  4.2
Air Magic      | 5 |  5.9
Spellcasting   | 3 |  3.0
Evocations     | 1 2 |  2.1
Fighting       | 1 |  1.5
Stealth        | |  2.0

Action                   |  1- 3 |  4- 6 || total
-------------------------+-------+-------++-------
Melee: Unarmed           |    14 |       ||    14
       Kick              |    18 |    16 ||    34
       Peck              |    15 |     4 ||    19
       Dagger            |    29 |       ||    29
       Staff             |    38 |    41 ||    79
       Punch             |       |     1 ||     1
 Cast: Shock             |    30 |    18 ||    48
       Static Discharge  |    10 |    24 ||    34
  Use: Scroll            |       |     4 ||     4
       Potion            |       |     1 ||     1
 Stab: Sleeping          |     7 |     2 ||     9
Armor: Robe              |    28 |     5 ||    33
Dodge: Dodged            |    70 |    36 ||   106
